 Dungeon Crawl Stone Soup version 0.28.0-49-g6dfe1f597d (webtiles) character file.

Game seed: 11989631335858667944

285 101zpm the Magician (level 6, -3/40 HPs)
             Began as a Djinni Fire Elementalist on May 17, 2022.
             Slain by a gnoll
             ... wielding a +0 flail
              (5 damage)
             ... on level 3 of the Dungeon.
             The game lasted 00:05:16 (3721 turns).

101zpm the Magician (Djinni Fire Elementalist)      Turns: 3721, Time: 00:05:18

Health: -3/40      AC:  3    Str:  7    XL:     6   Next: 55%
Gold:   129        EV: 12    Int: 19    God:
                   SH:  0    Dex: 13

rFire   + + .      SeeInvis .   (no weapon)
rCold   x . .      Faith    .   (no shield)
rNeg    . . .      Spirit   .   a - +0 robe
rPois   ∞          Reflect  .   (no helmet)
rElec   .          Harm     .   i - +0 cloak
rCorr   .          Rampage  .   (no gloves)
Will    .....                   (boots unavailable)
Stlth   ++........              (no amulet)
HPRegen 0.13/turn               (no ring)
MPRegen 0.00/turn               (no ring)

@: flying
A: sickness immunity, fire resistance 2, cold vulnerability 1, float, innate
caster, HP casting, extra vitality 1
a: no special abilities


You were on level 3 of the Dungeon.
You visited 1 branch of the dungeon, and saw 3 of its levels.

You collected 129 gold pieces.

Inventory:

Armour
 a - a +0 robe (worn)
 h - an orb of energy
 i - a +0 cloak (worn)
Jewellery
 d - a +6 ring of strength
 f - a ring of positive energy
Scrolls
 c - 2 scrolls of identify {unknown}
 g - a scroll of fog {unknown}
Potions
 b - a potion of resistance {unknown}
 e - 2 potions of mutation {unknown}
 j - 2 potions of might {unknown}
 k - a potion of curing {unknown}


   Skills:
 + Level 2.5 Dodging
 + Level 2.3 Stealth
 + Level 5.0 Spellcasting


You couldn't memorise any spells.
You knew the following spells:

 Your Spells              Type           Power      Damage    Failure   Level
a - Foxfire               Conj/Fire      92%        2x1d8     1%          1
b - Scorch                Fire           46%        2d7       2%          2
c - Conjure Flame         Conj/Fire      23%        6-21      4%          3
d - Inner Flame           Hex/Fire       23%        N/A       4%          3
e - Flame Wave            Conj/Fire      23%        2d7       16%         4
f - Freeze                Ice            92%        1d10      1%          1
g - Passwall              Tmut/Erth      19%        N/A       2%          2
Your spell library was empty.

Dungeon Overview and Level Annotations

Branches:
Dungeon (3/15)

Altars:
Dithmenos


Innate Abilities, Weirdness & Mutations

You are immune to sickness and miasma.
You are immune to poison.
Your flesh is very heat resistant. (rF++)
You are vulnerable to cold. (rC-)
You float through the air rather than walking.
You learn spells naturally, not from books.
Your magical power is your life essence.
You have superior vitality. (+4 MHP)


Message History

* * * LOW HITPOINT WARNING * * *
Casting: Inner Flame (dangerous; 4% risk of failure)
Confirm with . or Enter, or press ? or * to list all spells.
Aiming: Inner Flame (dangerous; 4% risk of failure)
Press: ? - help, Dir - move target, f/p - quokka
Aim: a quokka (chance to affect: 89%)
The quokka is filled with an inner flame.
* * * LOW HITPOINT WARNING * * *
Casting: Inner Flame (dangerous; 4% risk of failure)
Confirm with . or Enter, or press ? or * to list all spells.
Flames lash the orc.
The orc is severely wounded.
The orc's fire resistance burns away.
* * * LOW HITPOINT WARNING * * *
Casting: Scorch (safe; 2% risk of failure)
Confirm with . or Enter, or press ? or * to list all spells.
Flames lash the quokka.
* * * LOW HITPOINT WARNING * * *
The quokka explodes!
You hear a shout!
The orc misses you.
Casting: Scorch (safe; 2% risk of failure)
Confirm with . or Enter, or press ? or * to list all spells.
Flames lash the orc.
The orc is burned terribly!
You kill the orc!
* * * LOW HITPOINT WARNING * * *
You start resting.
A rat comes into view.
A gnoll comes into view. It is wielding a +0 flail.
A gnoll comes into view. It is wielding a +0 spear.
An orc comes into view. It is wielding a +0 trident.
Your magical contamination has completely faded away.
An orc comes into view. It is wielding a +0 war axe.
There is a stone staircase leading up here.
Casting: Foxfire (safe; 1% risk of failure)
Press: ? - help, Q - select action, (/) - cycle Dir - look around, f - activate You conjure some foxfire!
* * * LOW HITPOINT WARNING * * *
The gnoll hits you with a +0 flail.
You die...

........................# .#
......).....)÷......##### .#
....g..†..........[.# ####.# #.
..........>.........###....##..
§.....##.....##..#.........##.#
#.....####....##†##.......(...#
. §..####
#.##.##.##.......###.##. ##.#
#.....#..#.......###.... ...)#
####..g@v........##..... ....))
##...v......<........ .....#.r
...............##..... .....#
#........#.........##.###.
.....# ........##......#..†.#
...... ...r.................#
####.## ..###..###.####..).###
.# ##. .# ##..### #..##....##


You could see a gnoll (ally target) and a rat.

Vanquished Creatures
  Natasha (twice) (D:3)
  Terence (D:2)
  An orc wizard (D:3)
  8 gnolls
  3 adders (D:2)
  5 orcs (D:3)
  7 ball pythons
  3 bats
  6 endoplasms
  8 goblins
  2 hobgoblins
  10 jackals
  8 quokkas
  2 frilled lizards
  6 kobolds
  7 rats
  2 butterflies (D:3)
81 creatures vanquished.

Vanquished Creatures (others)
  257 foxfires
  A plant (D:3)
258 creatures vanquished.

Grand Total: 339 creatures vanquished

Notes
Turn   | Place    | Note
-------+----------+-------------------------------------------
     0 | D:1      | 101zpm the Djinni Fire Elementalist began the quest for the
                  | Orb.
     0 | D:1      | Reached XP level 1. HP: 15/15 MP: 0/0
   244 | D:1      | Reached XP level 2. HP: 18/21 MP: 0/0
   613 | D:1      | Reached skill level 3 in Spellcasting
   868 | D:1      | Reached XP level 3. HP: 22/25 MP: 0/0
   868 | D:1      | Learned a level 1 spell: Freeze
  1868 | D:2      | Reached XP level 4. HP: 25/31 MP: 0/0
  2127 | D:2      | Reached XP level 5. HP: 12/35 MP: 0/0
  2127 | D:2      | Learned a level 2 spell: Passwall
  2501 | D:2      | Reached skill level 4 in Spellcasting
  2746 | D:2      | Noticed Terence
  2751 | D:2      | Killed Terence
  3529 | D:3      | Noticed Natasha
  3532 | D:3      | Killed Natasha
  3533 | D:3      | Reached XP level 6. HP: 37/40 MP: 0/0
  3621 | D:3      | Noticed Natasha
  3625 | D:3      | Killed Natasha
  3675 | D:3      | Found a shadowy altar of Dithmenos.
  3694 | D:3      | Reached skill level 5 in Spellcasting
  3721 | D:3      | Slain by a gnoll

Illustrated notes

Levels and vault maps discovered:
D:1:      tarquinn_simple_flora_water_d, layout_loops_ring
D:2:      layout_rooms, uniq_terence
D:3:      lemuel_castle_with_subvaults [lemuel_castle_interior_original],
          layout_rooms, xom_butterflies, grunt_dithmenos_smoke_and_mirrors,
          hellmonk_ecumenical_altar_inner_sanctum, uniq_natasha

Skill      XL: |  1  2  3  4  5  6 |
---------------+-------------------+-----
Spellcasting   | 3 4 5 |  5.0
Stealth        | 2 |  2.3
Dodging        | |  2.5

Action                   |  1- 3 |  4- 6 || total
-------------------------+-------+-------++-------
 Cast: Foxfire           |    57 |    99 ||   156
       Scorch            |    17 |    18 ||    35
       Inner Flame       |       |    18 ||    18
Armor: Robe              |     1 |       ||     1
Dodge: Dodged            |     3 |     4 ||     7
